AoeStats
← El Fantasma de Pancho Villa

Arena

509618410Analyzed
4v4 RM · 4d ago on Sep 27, 2026· 39m 6s· 8 players
Game mode
Random Map
Map size
Large (8 player)
Population
200
Speed
Normal
Resources
Standard
Victory
Conquest
Starting age
Dark Age
Ending age
Imperial Age
RankedLock teamsTeams togetherTeam positionsShared explorationLock speedFull tech treeHidden civsTurbo modeCheats
Victory
Defeat
🇦🇷 Berbers · Argentina
1209
+13
🇨🇦 Poles · Canada
1158
+15
🇺🇸 Vikings · United States
1139
+16
🇨🇭 Franks · Switzerland
1107
+17
🇹🇼 Burgundians · Taiwan
1221
-19
🇹🇼 Turks · Taiwan
1190
-17
🇹🇼 Goths · Taiwan
1103
-14
🇹🇼 Lithuanians · Taiwan
1025
-11
The Spirit of Bonnie Blue
7:32 Loom
11:47 Feudal Age
12:47 Double-Bit Axe
12:45 Horse Collar
15:41 Castle Age
15:27 Wheelbarrow
16:55 Heavy Plow
19:55 Bow Saw
21:02 Stone Mining
22:33 Gold Mining
27:54 Imperial Age
26:04 Forging
25:59 Scale Barding Armor
26:58 Szlachta Privileges
27:42 Bloodlines
27:32 Husbandry
28:11 Iron Casting
27:35 Town Watch
28:11 Chain Barding Armor
28:26 Cavalier
31:11 Blast Furnace
33:37 Stone Shaft Mining
33:27 Conscription
El Fantasma de Pancho Villa
14:37 Feudal Age
18:11 Castle Age
21:52 Scale Mail Armor
22:03 Forging
22:58 Chain Mail Armor
22:39 Man-at-Arms
23:20 Squires
23:06 Arson
23:25 Long Swordsman
25:09 Iron Casting
32:07 Imperial Age
32:57 Chieftains
33:49 Two-Handed Swordsman
35:34 Plate Mail Armor
36:56 Blast Furnace
38:13 Champion
HarryBo
9:37 Feudal Age
11:25 Loom
15:38 Castle Age
14:42 Double-Bit Axe
16:30 Wheelbarrow
18:26 Bow Saw
25:21 Gold Mining
26:17 Hand Cart
28:09 Gold Shaft Mining
27:25 Stone Mining
31:51 Imperial Age
30:12 Scale Mail Armor
30:23 Forging
30:33 Ordonnance Companies
32:30 Chain Mail Armor
32:30 Elite Throwing Axeman
34:26 Plate Mail Armor
34:33 Iron Casting
35:13 Squires
35:00 Arson
35:48 Conscription
The Goat
10:02 Feudal Age
8:41 Loom
14:06 Castle Age
12:35 Double-Bit Axe
13:38 Horse Collar
17:47 Fletching
23:46 Bodkin Arrow
29:49 Wheelbarrow
29:15 Heavy Plow
29:27 Bow Saw
31:17 Masonry
32:31 Hand Cart
33:13 Ballistics
33:07 Gold Mining
33:07 Stone Mining
33:20 Town Watch
34:44 Gold Shaft Mining
37:14 Imperial Age
34:48 Kasbah
36:03 Stone Shaft Mining
36:41 Padded Archer Armor
37:42 Town Patrol
37:50 Thumb Ring
38:02 Leather Archer Armor
37:22 Elite Camel Archer
38:03 Maghrebi Camels
38:23 Conscription
38:08 Bracer
39:11 Chemistry
39:14 Ring Archer Armor
福
11:21 Feudal Age
9:42 Loom
11:19 Loom
11:23 Loom
15:09 Castle Age
14:31 Double-Bit Axe
16:56 Wheelbarrow
25:20 Horse Collar
28:24 Bow Saw
33:33 Imperial Age
30:59 Gold Mining
32:54 Scale Barding Armor
32:59 Forging
34:15 Heavy Plow
35:18 Two-Man Saw
34:41 Hand Cart
35:25 Conscription
35:30 Chain Barding Armor
35:45 Iron Casting
36:08 Elite Leitis
Amby
11:55 Feudal Age
16:00 Castle Age
13:54 Double-Bit Axe
25:51 Imperial Age
AnAnHeart
10:54 Feudal Age
15:29 Castle Age
16:57 Double-Bit Axe
18:01 Wheelbarrow
17:30 Horse Collar
19:21 Heavy Plow
20:59 Bow Saw
22:59 Squires
24:06 Gold Mining
27:00 Forging
26:51 Scale Mail Armor
30:49 Imperial Age
29:24 Masonry
29:42 Anarchy
31:01 Iron Casting
30:24 Treadmill Crane
31:37 Chain Mail Armor
34:30 Architecture
34:31 Conscription
34:13 Perfusion
34:24 Stone Mining
35:29 Crop Rotation
36:09 Two-Man Saw
36:12 Hand Cart
37:43 Blast Furnace
36:48 Padded Archer Armor
oioi55669
10:57 Feudal Age
14:56 Castle Age
13:05 Double-Bit Axe
13:41 Horse Collar
16:00 Bow Saw
21:17 Heavy Plow
23:04 Wheelbarrow
22:16 Loom
30:14 Hand Cart
31:55 Husbandry
31:21 Cavalier
32:37 Forging
32:32 Scale Barding Armor
36:17 Imperial Age
36:15 Iron Casting
Connection lost

Rejoining the realm…

Still unreachable

The connection could not be restored.

Session expired

The server has moved on; the page needs a fresh start.